 Dungeon Crawl Stone Soup version 0.31-a0-1071-gaead2f62b1 (webtiles) character file.

Game seed: 15853022555185701585

421 Jeffwins the Digger (level 6, -1/72 HPs)
             Began as an Armataur Earth Elementalist on Nov 26, 2023.
             Succumbed to a scorpion's poison
             ... on level 4 of the Dungeon.
             The game lasted 00:04:18 (3386 turns).

Jeffwins the Digger (Armataur Earth Elementalist)   Turns: 3386, Time: 00:04:19

Health: -1/72      AC:  4    Str: 11 (13) XL:     6   Next: 62%
Magic:  7/10       EV:  9    Int: 15 (17) God:
Gold:   198        SH:  4    Dex:  9 (11) Spells: 7/11 levels left

rFire   . . .        l - +1 dagger (venom)
rCold   . . .        k - +0 buckler
rNeg    . . .        a - +0 robe
rPois   +            n - +0 hat
rElec   .            (no cloak)
rCorr   .            (no gloves)
SInv    .            (no barding)
Will    .....        (no amulet) Stlth
                     (no ring)
HPRegen 0.32/turn    (no ring)
MPRegen 0.12/turn

%: roll
@: berserking, lethally poisoned (-1 -> -9), attractive, very quick
A: large, deformed body, tough skin 3, armoured tail, roll 1, long tongue, claws
1, poison resistance, wild magic 1
a: no special abilities


You were on level 4 of the Dungeon.
You visited 1 branch of the dungeon, and saw 4 of its levels.

You collected 198 gold pieces.


Innate Abilities, Weirdness & Mutations

Armour fits poorly on your strangely shaped body.
You have extremely tough skin. (AC +3)
You have a long armoured tail.
You roll when moving toward enemies. (Rampage)
Your long tongue fully drains potion bottles. (2x potion effects)
You have sharp fingernails.
Your system is resistant to poisons. (rPois)
Your spells are a little harder to cast, but a little more powerful.


   Skills:
 + Level 2.0 Fighting
 - Level 1.3 Dodging
 + Level 3.4 Stealth
 + Level 2.1 Shields
 * Level 3.1 Spellcasting
 * Level 2.2 Conjurations
 - Level 0.8 Transmutations
 * Level 4.2 Earth Magic


You had 7 spell levels left.
You knew the following spells:

 Your Spells              Type           Power      Damage    Failure   Level
x - Stone Arrow           Conj/Erth      30%        3d8       30%         3
z - Sandblast             Erth           38%        2d10      8%          1

Your spell library contained the following spells:

 Spells                   Type           Power      Damage    Failure   Level
 Passwall                 Tmut/Erth      10%        N/A       22%         2
 Summon Small Mammal      Summ           12%        N/A       36%         1
 Brom's Barrelling Bould  Conj/Erth      15%        2d4       67%         4
 Call Canine Familiar     Summ           3%         N/A       71%         3
 Sigil of Binding         Hex            3%         N/A       71%         3
 Summon Guardian Golem    Hex/Summ       3%         N/A       71%         3
 Petrify                  Tmut/Erth      12%        N/A       77%         4
 Leda's Liquefaction      Hex/Erth       5%         N/A       82%         4
 Dimensional Bullseye     Hex/Tloc       1%         N/A       97%         4

Inventory:

Hand Weapons
 c - a +0 trident
 e - a +0 mace
 l - a +1 dagger of venom (weapon)
 q - a +0 heavy scimitar
Armour
 a - a +0 robe (worn)
 k - a +0 buckler (worn)
 n - a +0 hat (worn)
Jewellery
 F - a ring of fire
Scrolls
 d - 3 scrolls of identify {unknown}
 g - a scroll of immolation {unknown}
 h - a scroll of brand weapon {unknown}
 i - a scroll of teleportation {unknown}
 j - 2 scrolls of vulnerability {unknown}
 m - a scroll of butterflies {unknown}
Potions
 b - a potion of magic
 f - 2 potions of enlightenment
 o - a potion of degeneration {!q}
 s - a potion of lignification {unknown}

Dungeon Overview and Level Annotations

Branches:
Dungeon (4/15)
 Temple: D:4-7

Altars:
Ru
Yredelemnul

Annotations:
D:3 2 runed translucent doors, Crabhammer's ghost, amateur OpHW

....'........#....#..............
....#........#....'..............
##+##........##########..........
#####.......# ##.........
#..?....# #......... #.......#
#...#+###. #.......# #...+...#.
#.......### ##...#...#.
#......s@)# #....#...#.
..............#######...#.
...............+ #....'.
...............# #....#.
........<......# #....#.
..............# ##...#.
.............+ ######
............#


You could see a scorpion.


Message History

* * * LOW HITPOINT WARNING * * *
You are lethally poisoned!
The scorpion poisons you!
You're too confused to move!
* * * LOW HITPOINT WARNING * * *
You feel very sick.
The orc wizard hits you with a +2 dagger of venom.
* * * LOW HITPOINT WARNING * * *
The scorpion stings you but does no damage.
You closely miss the orc wizard.
Your tail-slap misses the orc wizard.
The orc wizard is moderately wounded.
You feel less confused.
* * * LOW HITPOINT WARNING * * *
You feel sick.
The orc wizard hits you with a +2 dagger of venom.
* * * LOW HITPOINT WARNING * * *
The scorpion stings you.
* * * LOW HITPOINT WARNING * * *
You puncture the orc wizard!
The orc wizard is almost dead.
* * * LOW HITPOINT WARNING * * *
You feel very sick. The scorpion barely misses you.
Unknown command.
You closely miss the orc wizard. You tail-slap the orc wizard.
You kill the orc wizard!
* * * LOW HITPOINT WARNING * * *
You feel sick.
Unknown command.
You die...

Skill      XL: |  1  2  3  4  5  6 |
---------------+-------------------+-----
Earth Magic    | 3 4 |  4.2
Spellcasting   | 2 3 |  3.1
Fighting       | 1 2 |  2.0
Shields        | 1 2 |  2.1
Stealth        | 3 |  3.4
Conjurations   | 1 2 |  2.2
Dodging        | |  1.3
Transmutations | |  0.8

Action                     |  1- 3 |  4- 6 || total
---------------------------+-------+-------++-------
  Melee: Trident           |    38 |    22 ||    60
         Tailslap          |     4 |     2 ||     6
         Dagger            |       |     4 ||     4
   Cast: Sandblast         |    49 |    64 ||   113
         Stone Arrow       |       |     1 ||     1
    Use: Potion            |       |     6 ||     6
   Stab: Sleeping          |       |     3 ||     3
 Armour: Robe              |    50 |    50 ||   100
  Dodge: Dodged            |    36 |    25 ||    61
  Block: Buckler           |     2 |     6 ||     8

Levels and vault maps discovered:
D:1:      dpeg_arrival_round_a, layout_loops_ring
D:2:      layout_rooms, ebering_ecumenical_altar_webs, serial_rivers,
          chequers_serial_rivers_micro_c, chequers_serial_rivers_marsh,
          chequers_serial_rivers_small_a, chequers_serial_rivers_micro_c,
          chequers_serial_rivers_micro_c, chequers_serial_rivers_small_3,
          wad_floor_pattern_untrapped, supply_closet_lemuel
D:3:      layout_loops_ring, nicolae_ru_great_annihilating_truth,
          dk_yredelemnul_ordeal, ebering_ghost_sewer_f,
          minmay_misc_feat_enclosed
D:4:      layout_gridville, minmay_temple_entry_enclosed_plants,
          hangedman_decor_growths, kennysheep_generic_room_8

Notes
Turn   | Place    | Note
-------+----------+-------------------------------------------
     0 | D:1      | Jeffwins the Armataur Earth Elementalist began the quest
                  | for the Orb.
     0 | D:1      | Reached XP level 1. HP: 14/14 MP: 3/3
   317 | D:1      | Reached XP level 2. HP: 22/22 MP: 2/4
   417 | D:1      | Reached skill level 3 in Earth Magic
   856 | D:2      | Reached skill level 2 in Spellcasting
  1016 | D:2      | Reached XP level 3. HP: 27/27 MP: 2/6
  1070 | D:2      | Reached skill level 1 in Fighting
  1084 | D:2      | Learned a level 3 spell: Stone Arrow
  1522 | D:2      | Reached XP level 4. HP: 35/35 MP: 7/7
  1539 | D:2      | Reached skill level 1 in Shields
  1730 | D:2      | Found a faded altar of an unknown god.
  2124 | D:3      | Found a sacrificial altar of Ru.
  2168 | D:3      | Found a runed translucent door.
  2170 | D:3      | Noticed Crabhammer's ghost (amateur OpHW)
  2312 | D:3      | Found a runed translucent door.
  2312 | D:3      | Noticed a human
  2333 | D:3      | Found a basalt altar of Yredelemnul.
  2356 | D:3      | Killed a human
  2357 | D:3      | Reached skill level 3 in Stealth
  2357 | D:3      | Reached skill level 1 in Conjurations
  2357 | D:3      | Reached XP level 5. HP: 23/40 MP: 1/9
  2694 | D:3      | Found a runed translucent door.
  2924 | D:4      | Gained mutation: Your system is resistant to poisons.
                  | (rPois) [potion of mutation]
  2924 | D:4      | Gained mutation: You have sharp fingernails. [potion of
                  | mutation]
  2924 | D:4      | Gained mutation: Your spells are a little harder to cast,
                  | but a little more powerful. [potion of mutation]
  2924 | D:4      | HP: 2/41 [poisoned by a scorpion]
  2927 | D:4      | Reached skill level 4 in Earth Magic
  2927 | D:4      | Reached XP level 6. HP: 22/48 MP: 3/10
  3149 | D:4      | Reached skill level 3 in Spellcasting
  3149 | D:4      | Reached skill level 2 in Conjurations
  3318 | D:4      | Reached skill level 2 in Fighting
  3318 | D:4      | Reached skill level 2 in Shields
  3383 | D:4      | HP: 5/72 [scorpion (4)]
  3384 | D:4      | HP: 2/72 [poisoned by a scorpion]
  3386 | D:4      | Succumbed to a scorpion's poison

Vanquished Creatures
  A human (D:3)
  A scorpion (D:4)
  An orc priest (D:4)
  2 orc wizards (D:4)
  6 adders
  3 worms (D:2)
  A dart slug (D:4)
  4 orcs
  3 ball pythons
  7 endoplasms
  2 giant cockroaches
  8 goblins
  5 hobgoblins
  6 jackals
  3 quokkas
  10 bats
  3 frilled lizards
  A goblin zombie (D:3)
  A jackal zombie (D:3)
  7 kobolds
  6 rats
81 creatures vanquished.

Table legend: (Time is in decaauts)
 A = Elapsed time spent in this place.
 B = Non-inter-level travel time spent in this place.
 C = Inter-level travel time spent in this place.
 D = Time resting spent in this place.
 E = Time spent auto-exploring this place.
 F = Levels seen in this place.
 G = Mean time per level.
                   A        B        C        D        E       F      G
               +--------+--------+--------+--------+--------+-----+--------+
         Total |   3457 |   3418 |     39 |      0 |   2837 |   4 |  864.2 |
       Dungeon |   3457 |   3418 |     39 |      0 |   2837 |   4 |  864.2 |
               +--------+--------+--------+--------+--------+-----+--------+

Top non-repeatable levels by time:
     D:3: 1064 daAuts
     D:2: 997 daAuts
     D:1: 858 daAuts
     D:4: 537 daAuts

Table legend:
 A = Non-vault XP
 B = Vault XP
 C = Vault XP percentage of total XP
 D = Non-vault monster count
 E = Vault monster count
 F = Vault count percentage of total count
                 A         B        C        D         E       F
            +---------+---------+-------+---------+---------+-------
      Total |     405 |     197 |  32.7 |      74 |       7 |   8.6
            +---------+---------+-------+---------+---------+-------
        D:1 |      20 |       0 |   0.0 |      13 |       0 |   0.0
        D:2 |      94 |       0 |   0.0 |      30 |       0 |   0.0
        D:3 |      38 |     197 |  83.8 |      15 |       7 |  31.8
        D:4 |     253 |       0 |   0.0 |      16 |       0 |   0.0
            +---------+---------+-------+---------+---------+-------
